 Dungeon Crawl Stone Soup version 0.29.1-4-g47bece8355 (webtiles) character file.

Game seed: 7563433468421859494

13 MiyaCech the Firebug (level 2, 0/19 HPs)
             Began as a Human Fire Elementalist on Dec 6, 2022.
             Succumbed to an adder's poison
             ... on level 2 of the Dungeon.
             The game lasted 00:03:46 (620 turns).

MiyaCech the Firebug (Human Fire Elementalist)       Turns: 620, Time: 00:03:46

Health: 0/19       AC:  3    Str:  8    XL:     2   Next: 50%
Magic:  2/5        EV: 12    Int: 15    God:
Gold:   33         SH:  0    Dex: 13    Spells: 3/5 levels left

rFire   . . .      SeeInvis .   (no weapon)
rCold   . . .      Faith    .   (no shield)
rNeg    . . .      Spirit   .   a - +1 robe
rPois   .          Reflect  .   (helmet currently unavailable)
rElec   .          Harm     .   (no cloak)
rCorr   .          Rampage  .   (no gloves)
Will    .....                   (boots currently unavailable)
Stlth   ++........              (no amulet)
HPRegen 0.06/turn               (no ring)
MPRegen 0.09/turn               (no ring)

@: lethally poisoned (0 -> -3), appendages (expiring), weak-willed
A: horns 2, talons 2
a: End Transformation


You were on level 2 of the Dungeon.
You had temporarily grown beastly horns and talons.
You visited 1 branch of the dungeon, and saw 2 of its levels.

You collected 33 gold pieces.

Inventory:

Missiles
 d - a poisoned dart (quivered)
Armour
 a - a +1 robe (worn)


   Skills:
 * Level 0.3 Fighting
 * Level 0.1 Throwing
 * Level 0.1 Armour
 * Level 2.1 Dodging
 * Level 2.1 Stealth
 * Level 0.1 Unarmed Combat
 * Level 2.1 Spellcasting
 * Level 1.0 Conjurations
 * Level 0.1 Transmutations
 * Level 3.1 Fire Magic


You had 3 spell levels left.
You knew the following spells:

 Your Spells              Type           Power      Damage    Failure   Level
a - Foxfire               Conj/Fire      32%        2x1d5     9%          1
b - Beastly Appendage     Tmut           4%         N/A       21%         1

Your spell library contained the following spells:

 Spells                   Type           Power      Damage    Failure   Level
 Scorch                   Fire           22%        2d6       9%          2
 Conjure Flame            Conj/Fire      8%         6-21      26%         3
 Inner Flame              Hex/Fire       6%         N/A       34%         3
 Flame Wave               Conj/Fire      8%         2d5       65%         4


Dungeon Overview and Level Annotations

Branches:
Dungeon (2/15)

Altars:

Shops:
D:1 !


Innate Abilities, Weirdness & Mutations

You have temporarily grown beastly horns and talons.


Message History

The foxfire hits the kobold.
You kill the kobold!
Your foxfire dissipates!
The adder hisses angrily.
Your horns disappear.
Your talons disappear.
You see here a scroll labelled JYUSAO RELLAYGH.
b - a scroll labelled JYUSAO RELLAYGH
Casting: Foxfire (safe; 9% risk of failure)
Confirm with . or Enter, or press ? or * to list all spells.
You grow a pair of large bovine horns.
Your feet morph into talons.
Your transformation is almost over.
The quokka barely misses you.
Casting: Beastly Appendage (safe; 21% risk of failure)
Confirm with . or Enter, or press ? or * to list all spells.
You conjure some foxfire!
The quokka barely misses you. The adder bites you.
* * * LOW HITPOINT WARNING * * *
The foxfire hits the adder.
The adder is lightly wounded.
The foxfire hits the quokka.
The quokka is severely wounded.
The quokka twitches its whiskers.
The quokka bites you but does no damage.
The quokka barely misses you. The adder barely misses you.
You aren't carrying any potions.
As you read the scroll labelled JYUSAO RELLAYGH, it crumbles to dust.
It is a scroll of enchant armour.
Your +0 robe glows green for a moment.
The adder bites you.
* * * LOW HITPOINT WARNING * * *
You are lethally poisoned!
The adder poisons you!
The quokka bites you but does no damage.
As you read the scroll labelled EMIVAO SUSSE, it crumbles to dust.
Magic quickly surges around you.
It was a scroll of vulnerability.
* * * LOW HITPOINT WARNING * * *
You feel sick. The adder bites you but does no damage. The quokka misses you.
You aren't carrying any potions.
The adder attacks as you move away! The adder barely misses you.
The quokka attacks as you move away! The quokka closely misses you.
You die...

♣ ♣#.##### .#
♣.♣......##.#
♣=♣.........##
#............##
#...........##
#..<......#...
#..........#
#..........##
####.@......#
#...[.#=.##
#.Sr..#....
#..........♣
#..[......PP
#.....###PP♣♣P
♣♣#.#......PPP
♣♣......?....
PP♣.♣...<.....#


You could see an adder (weak-willed) and a quokka (weak-willed).

Vanquished Creatures
  An adder (D:2)
  A goblin (D:1)
  A bat (D:1)
  3 kobolds
6 creatures vanquished.

Vanquished Creatures (others)
  12 foxfires
12 creatures vanquished.

Grand Total: 18 creatures vanquished

Notes
Turn   | Place    | Note
-------+----------+-------------------------------------------
     0 | D:1      | MiyaCech the Human Fire Elementalist began the quest for
                  | the Orb.
     0 | D:1      | Reached XP level 1. HP: 13/13 MP: 3/3
    62 | D:1      | Found Zorreko's Distillery.
   257 | D:1      | Found a faded altar of an unknown god.
   271 | D:1      | Got Plato's Enchiridion on Transmigration
   276 | D:1      | Learned a level 1 spell: Beastly Appendage
   606 | D:2      | Reached XP level 2. HP: 8/19 MP: 3/5
   620 | D:2      | Succumbed to an adder's poison

Illustrated notes

Levels and vault maps discovered:
D:1:      kilobyte_arrival_exit_the_forest, layout_basic,
          shapermc_ecumenical_altar_rom_forum, serial_shops,
          nicolae_shop_behind_doors, shop, shop_fountains, shop,
          minmay_door_square
D:2:      layout_rooms, serial_shops, shop, serial_forest,
          infiniplex_forest_lined_room_2, infiniplex_forest_clump_tiny,
          infiniplex_forest_end_2, infiniplex_forest_straight_4,
          infiniplex_forest_lined_corner, infiniplex_forest_clump_small,
          infiniplex_forest_straight_3, infiniplex_forest_straight_3,
          infiniplex_forest_lined_4_way, kennysheep_generic_room_5

Action                   || total
-------------------------++-------
Melee: Unarmed           ||     5
       Kick              ||     1
       Headbutt          ||     1
Throw: Dart              ||     1
 Cast: Foxfire           ||     7
       Beastly Appendage ||     3
  Use: Potion            ||     1
       Scroll            ||     2
Armor: Robe              ||    11
Dodge: Dodged            ||    36
